 Dungeon Crawl Stone Soup version 0.27-a0-448-gace5c5693b (webtiles) character file.

Game seed: 15745774762802953725

61 booneroo the Chopper (level 3, -1/34 HPs)
             Began as a Minotaur Berserker on Feb 27, 2021.
             Was a Follower of Trog.
             Slain by Sigmund
             ... wielding a +0 scythe
              (7 damage)
             ... on level 2 of the Dungeon.
             The game lasted 00:14:56 (1618 turns).

booneroo the Chopper (Minotaur Berserker)           Turns: 1618, Time: 00:14:57

Health: -1/34      AC: 11    Str: 22    XL:     3   Next: 83%
Magic:  2/2        EV:  8    Int:  4    God:    Trog [*.....]
Gold:   51         SH:  0    Dex:  9    Spells: 2/2 levels left

rFire    . . .     SeeInvis .   a - +1 hand axe
rCold    . . .     Faith    .   (no shield)
rNeg     . . .     Spirit   .   c - +2 chain mail {cum}
rPois    .         Reflect  .   (helmet restricted)
rElec    .         Harm     .   (no cloak)
rCorr    .         Rampage  .   (no gloves)
Will     ++...                  (no boots)
Stlth    ..........             (no amulet)
HPRegen  1.11/turn              (no ring)
MPRegen  0.08/turn              (no ring)

@: regenerating
A: retaliatory headbutt, horns 2
a: Renounce Religion, Berserk


You were on level 2 of the Dungeon.
You worshipped Trog.
Trog was aware of your devotion.
You visited 1 branch of the dungeon, and saw 2 of its levels.

You collected 51 gold pieces.

Inventory:

Hand Weapons
 a - a +1 hand axe (weapon)
 f - a +0 trident
Missiles
 b - 14 bolts
Armour
 c - a +2 chain mail (worn) {cum}
Scrolls
 g - a scroll of amnesia {unknown}
 h - a scroll of noise {unknown}
 j - a scroll of fog {unknown}
Potions
 d - a potion of might
 e - a potion of curing {unknown}


   Skills:
 + Level 4.4 Fighting
 + Level 4.7 Axes
 + Level 3.1 Armour
 + Level 2.3 Dodging
 + Level 0.1 Stealth


You had 2 spell levels left.
You didn't know any spells.
Your spell library was empty.

Dungeon Overview and Level Annotations

Branches:
Dungeon (2/15)

Altars:
Dithmenos
Fedhas
Nemelex Xobeh

Annotations:
D:2 Sigmund


Innate Abilities, Weirdness & Mutations

You reflexively headbutt those who attack you in melee.
You have a pair of horns on your head.


Message History

The floor.
Sigmund casts a spell at himself.
Sigmund flickers and vanishes!
Deactivating autopickup; reactivate with Ctrl-A.
Autopickup is now on.
Something hits you but does no damage.
Deactivating autopickup; reactivate with Ctrl-A.
You hear some strange, mumbled words.
You are confused.
Something hits you but does no damage. Something hits you but does no damage.
You feel less confused. Something hits you but does no damage.
Something completely misses you. Something hits you.
You miss something. Your headbutt misses something.
You hear some strange, mumbled words.
Something tries to affect you, but you resist.
You closely miss something. Your headbutt misses something.
You hear some strange, mumbled words.
A puff of flame appears from out of thin air!
The puff of flame hits you.
You miss something. Something hits you but does no damage.
You hit something but do no damage. Something hits you!
Really read the scroll of immolation?
Uppercase [Y]es or [N]o only, please.
Really read the scroll of immolation?
As you read the scroll of immolation, it crumbles to dust.
The creatures around you are filled with an inner flame!
You miss something. Something hits you!
Your skin crawls.
You feel strong-willed.
You can no longer call upon Trog for regeneration and willpower.
Something hits you!
* * * LOW HITPOINT WARNING * * *
You slash something!
Flame seeps out of something.
Really walk into that cloud of flame?
Okay, then.
Flame seeps out of something.
Something hits you!
You die...

#.....8#...#
##8..8###..# ##..##
#..############
##.####..............
#.............#.#...
###.##...##.###.....
#.#.......{.......
#.#...............
#.#......@.###....
#.#.......## ..#
#<#.......#
#.#.......#
#.#.......#
#.####.##.#
#.........#
######....# ######


There were no monsters in sight!

Vanquished Creatures
  A worker ant (D:2)
  An adder (D:2)
  A dart slug (D:1)
  3 bats
  2 giant cockroaches (D:1)
  2 goblins
  6 hobgoblins
  3 jackals (D:1)
  2 frilled lizards (D:1)
  3 kobolds
  2 rats
26 creatures vanquished.

Notes
Turn   | Place    | Note
-------+----------+-------------------------------------------
     0 | D:1      | booneroo the Minotaur Berserker began the quest for the
                  | Orb.
     0 | D:1      | Reached XP level 1. HP: 19/19 MP: 0/0
   734 | D:1      | Reached XP level 2. HP: 27/27 MP: 1/1
  1500 | D:2      | Reached XP level 3. HP: 34/34 MP: 2/2
  1531 | D:2      | Found a blossoming altar of Fedhas.
  1532 | D:2      | Found a shadowy altar of Dithmenos.
  1539 | D:2      | Reached ** piety under Trog
  1559 | D:2      | Found a sparkling altar of Nemelex Xobeh.
  1592 | D:2      | Noticed Sigmund
  1618 | D:2      | Slain by Sigmund

Illustrated notes

Levels and vault maps discovered:
D:1:      eino_arrival_druids_welcome, layout_basic,
          chequers_serial_rivers_large_a, minmay_ruptured
D:2:      minmay_door_path, layout_loops_ring, minmay_overflow_temple_star_quad,
          minitemple, minmay_small_reverse_x, uniq_crazy_yiuf_cottage,
          uniq_sigmund

Skill      XL: |  1  2 |
---------------+-------+-----
Axes           | 4 |  4.7
Fighting       | 4 |  4.4
Armour         | 3 |  3.1
Dodging        | |  2.3
Stealth        | |  0.1

Action                   || total
-------------------------++-------
Melee: Hand axe          ||    76
       Headbutt          ||     7
Invok: Trog's Hand       ||     1
  Use: Scroll            ||     7
Armor: Chain mail        ||    48
Dodge: Dodged            ||    31

Table legend: (Time is in decaauts)
 A = Elapsed time spent in this place.
 B = Non-inter-level travel time spent in this place.
 C = Inter-level travel time spent in this place.
 D = Time resting spent in this place.
 E = Time spent auto-exploring this place.
 F = Levels seen in this place.
 G = Mean time per level.
                   A        B        C        D        E       F      G
               +--------+--------+--------+--------+--------+-----+--------+
         Total |   1631 |   1626 |      5 |    186 |   1030 |   2 |  815.5 |
       Dungeon |   1631 |   1626 |      5 |    186 |   1030 |   2 |  815.5 |
               +--------+--------+--------+--------+--------+-----+--------+

Top non-repeatable levels by time:
     D:1: 1208 daAuts
     D:2: 423 daAuts
